 Dungeon Crawl Stone Soup version 0.31-a0-1202-ga8fea8b373 (webtiles) character file.

Game seed: 16525770743359431553

30 kae the Vexing (level 3, -1/26 HPs)
             Began as a Demonspawn Enchanter on Dec 12, 2023.
             Succumbed to an adder's poison
             ... on level 2 of the Dungeon.
             The game lasted 00:00:38 (575 turns).

kae the Vexing (Demonspawn Enchanter)                Turns: 575, Time: 00:00:38

Health: -1/26      AC:  2    Str:  8    XL:     3   Next: 5%
Magic:  3/6        EV: 12    Int: 15    God:
Gold:   28         SH:  0    Dex: 15    Spells: 4/6 levels left

rFire   . . .        a - +1 dagger
rCold   . . .        (no shield)
rNeg    . . .        b - +0 robe
rPois   .            (no helmet)
rElec   .            (no cloak)
rCorr   .            (no gloves)
SInv    .            (no boots)
Will    .....        (no amulet)
Stlth   ++           (no ring)
HPRegen 0.24/turn    (no ring)
MPRegen 0.10/turn

%: no passive effects
@: lethally poisoned (-1 -> -9)
A: demonic guardian 1, powered by death 1
a: no special abilities


You were on level 2 of the Dungeon.
You visited 1 branch of the dungeon, and saw 2 of its levels.

You collected 28 gold pieces.


Innate Abilities, Weirdness & Mutations

A weak demonic guardian rushes to your aid.
You regenerate a little health from kills.


   Skills:
 + Level 1.0 Fighting
 * Level 1.5 Short Blades
 - Level 1.7 Dodging
 * Level 3.1 Stealth
 + Level 2.2 Spellcasting
 + Level 3.1 Hexes
 + Level 0.1 Ice Magic


You had 4 spell levels left.
You knew the following spells:

 Your Spells              Type           Power      Damage    Failure   Level
a - Ensorcelled Hibernat  Hex/Ice        12%        N/A       17%         2

Your spell library contained the following spells:

 Spells                   Type           Power      Damage    Failure   Level
 Confusing Touch          Hex            11%        N/A       19%         3
 Tukima's Dance           Hex            11%        N/A       19%         3
 Dazzling Flash           Conj/Hex       12%        N/A       34%         3

Inventory:

Hand Weapons
 a - a +1 dagger (weapon)
Missiles
 d - 17 stones
Armour
 b - a +0 robe (worn)
Scrolls
 g - a scroll of noise {unknown}
 h - a scroll of identify {unknown}
Potions
 c - 2 potions of invisibility
 e - a potion of brilliance {unknown}
 f - 2 potions of curing {unknown}

Dungeon Overview and Level Annotations

Branches:
Dungeon (2/15) Zot: 11428

Altars:

#..# .#.# #... ..... #..#
....# #$........
#..#.....# #.K>......
#.#.#.#.# #######g.......
#.@5SKr........
#.#######.##..#
###############.# .# .#
......##.##...#.# .#
#####.#.#...#...# #
##........#...#.# #
##.##.##.######.# .#
##.##.#### ###.#######.#
.......######<..........##


You could see an adder (ally target), a goblin, a kobold, a rat and a friendly
quasit (summoned).


Message History

You completely miss the bat. The bat barely misses you.
You completely miss the bat. The bat barely misses you.
A bat is nearby!
The bat misses you.
You hit the bat.
You kill the bat!
h - a scroll labelled KITZOM XIAQIAXOA No target in view!
No target in view!
A ball python comes into view.
A ball python is nearby!
A ball python is nearby!
The ball python hisses angrily.
The ball python misses you. The ball python barely misses you.
A ball python is nearby!
You hit the ball python.
You kill the ball python!
No target in view!
You now have 28 gold pieces (gained 11).
Found an escape hatch in the floor.
No target in view!
No target in view!
There is a stone staircase leading up here.
An adder comes into view.
Found a stone staircase leading down.
The adder hisses angrily.
A kobold comes into view. It is wielding a +0 dagger.
A rat comes into view.
A goblin and an adder come into view.
The adder hisses angrily.
There are monsters nearby!
You closely miss the adder.
The rat squeaks loudly.
The adder bites you.
The kobold shouts!
You hit the adder. 😕 HP[-1]
You take 1 damage, and now have 19/20 hp.
You barely miss the adder. The adder bites you.
You are poisoned.
The adder poisons you! The adder bites you. The adder misses you. x2
You are too injured to fight recklessly! 😮 HP[-7]
You take 7 damage, and now have 12/20 hp.
MASSIVE DAMAGE!! (PAUSE)
You feel sick. The adder attacks as it pursues you! The adder bites you.
* * * LOW HITPOINT WARNING * * *
You are more poisoned.
The adder poisons you! 😨 HP[-2]
You take 2 damage, and now have 10/20 hp.
* * * LOW HITPOINT WARNING * * *
You feel very sick. 😨 HP[-2]
You take 2 damage, and now have 8/20 hp.
* * * LOW HITPOINT WARNING * * *
You feel sick. The adder attacks as it pursues you!
The adder closely misses you. The adder barely misses you. 😨 HP[-1]
You take 1 damage, and now have 7/20 hp.
* * * LOW HITPOINT WARNING * * *
You feel sick. 😱 HP[-2]
You take 2 damage, and now have 5/20 hp.
Casting: Ensorcelled Hibernation (safe; 17% risk of failure)
Confirm with . or Enter, or press ? or * to list all spells.
Aiming: Ensorcelled Hibernation (safe; 17% risk of failure)
Press: ? - help, Shift-Dir - straight line, f - adder
Aim: an adder (lightly wounded, chance to affect: 49%)
The adder looks drowsy...
* * * LOW HITPOINT WARNING * * *
You feel sick. 😱 HP[-1] MP[-2]
You take 1 damage, and now have 4/20 hp.
You lost 2 mp, and now have 3/5 mp.
Unknown command.
The helpless adder fails to defend itself.
You puncture the adder!
You kill the adder!
* * * LOW HITPOINT WARNING * * *
You feel sick.
Your Fighting skill increases to level 1!
You have reached level 3!
Your experience leads to an increase in your attributes!
Increase (S)trength, (I)ntelligence, or (D)exterity?
You feel agile. x2; Your demonic ancestry asserts itself...
A wave of death washes over you. 😱 HP[+1]
You now have 26 max hp (+6).
You feel sick. The adder attacks as it pursues you! The adder bites you.
* * * LOW HITPOINT WARNING * * *
A demonic guardian appears!
The adder bites you.
* * * LOW HITPOINT WARNING * * *
You are more poisoned.
The adder poisons you! 😱 HP[-4]
You take 4 damage, and now have 1/26 hp.
Okay, then.
You swap places.
You die...

Skill      XL: |  1  2 |
---------------+-------+-----
Short Blades   | 1 |  1.5
Stealth        | 3 |  3.1
Fighting       | 1 |  1.0
Dodging        | |  1.7
Spellcasting   | |  2.2
Hexes          | |  3.1
Ice Magic      | |  0.1

Action                     || total
---------------------------++-------
  Melee: Dagger            ||    57
   Cast: Ensorcelled Hiber ||     1
   Stab: Sleeping          ||     5
 Armour: Robe              ||    32
  Dodge: Dodged            ||    47

Levels and vault maps discovered:
D:1:      minmay_arrival_hallway, layout_rooms
D:2:      layout_loops_cross, basic_altar, st_stairs_2

Notes
Turn   | Place    | Note
-------+----------+-------------------------------------------
     0 | D:1      | kae the Demonspawn Enchanter began the quest for the Orb.
     0 | D:1      | Reached XP level 1. HP: 13/13 MP: 3/3
     0 | D:1      | magus.rc [v1.11.3]
    25 | D:1      | Reached skill level 1 in Short Blades
   199 | D:1      | Gained mutation: A weak demonic guardian rushes to your
                  | aid. [demonic ancestry]
   199 | D:1      | Reached XP level 2. HP: 19/20 MP: 5/5
   301 | D:1      | Reached skill level 3 in Stealth
   448 | D:2      | Learned a level 2 spell: Ensorcelled Hibernation
   571 | D:2      | HP: 5/20 [poisoned by an adder]
   574 | D:2      | Reached skill level 1 in Fighting
   574 | D:2      | Gained mutation: You regenerate a little health from kills.
                  | [demonic ancestry]
   574 | D:2      | Reached XP level 3. HP: 5/26 MP: 3/6
   574 | D:2      | HP: 2/26 [adder (2)]
   575 | D:2      | Succumbed to an adder's poison

Vanquished Creatures
  An adder (D:2)
  3 ball pythons
  2 giant cockroaches (D:1)
  4 goblins (D:1)
  2 hobgoblins (D:1)
  A kobold (D:1)
  A quokka (D:2)
  4 bats
  A frilled lizard (D:1)
  A rat (D:1)
20 creatures vanquished.

Table legend:
 A = Non-vault XP
 B = Vault XP
 C = Vault XP percentage of total XP
 D = Non-vault monster count
 E = Vault monster count
 F = Vault count percentage of total count
                 A         B        C        D         E       F
            +---------+---------+-------+---------+---------+-------
      Total |      31 |      13 |  29.5 |      19 |       1 |   5.0
            +---------+---------+-------+---------+---------+-------
        D:1 |      27 |       0 |   0.0 |      16 |       0 |   0.0
        D:2 |       4 |      13 |  76.5 |       3 |       1 |  25.0
            +---------+---------+-------+---------+---------+-------

Skill      XL: |  1  2 |
---------------+-------+-----
Short Blades   | 1 |  1.5
Stealth        | 3 |  3.1
Fighting       | 1 |  1.0
Dodging        | |  1.7
Spellcasting   | |  2.2
Hexes          | |  3.1
Ice Magic      | |  0.1

Action                     || total
---------------------------++-------
  Melee: Dagger            ||    57
   Cast: Ensorcelled Hiber ||     1
   Stab: Sleeping          ||     5
 Armour: Robe              ||    32
  Dodge: Dodged            ||    47

Illustrated notes

Table legend:
 A = Kills in this place as a percentage of kills in the entire game.
 B = Kills by you in this place as a percentage of kills by you in the entire game.
 C = Kills by friends in this place as a percentage of kills by friends in the entire game.
 D = Other kills in this place as a percentage of other kills in the entire game.
 E = Experience gained in this place as a percentage of experience gained in the entire game.
 F = Experience gained in this place divided by the number of levels of this place that you have seen.
                   A       B       C       D       E      F
               +-------+-------+-------+-------+-------+----------------------
         Total | 100.0 | 100.0 |   N/A |   N/A | 100.0 |  22.0
       Dungeon | 100.0 | 100.0 |   N/A |   N/A | 100.0 |  22.0
               +-------+-------+-------+-------+-------+----------------------

Table legend: (Time is in decaauts)
 A = Elapsed time spent in this place.
 B = Non-inter-level travel time spent in this place.
 C = Inter-level travel time spent in this place.
 D = Time resting spent in this place.
 E = Time spent auto-exploring this place.
 F = Levels seen in this place.
 G = Mean time per level.
                   A        B        C        D        E       F      G
               +--------+--------+--------+--------+--------+-----+--------+
         Total |    571 |    559 |     12 |      7 |    405 |   2 |  285.5 |
       Dungeon |    571 |    559 |     12 |      7 |    405 |   2 |  285.5 |
               +--------+--------+--------+--------+--------+-----+--------+

Top non-repeatable levels by time:
     D:1: 440 daAuts
     D:2: 131 daAuts
